 Dungeon Crawl Stone Soup version 0.26.1-11-gd32895ea62 (webtiles) character file.

Game seed: 9343638346770572186

607884 Saba the Conqueror (level 27, -2/159 HPs)
             Began as a Gargoyle Hunter on July 6, 2021.
             Was the Champion of Okawaru.
             Killed by the air
             ... invoked by a titan
              (48 damage)
             ... on level 5 of the Vaults.
             The game lasted 03:27:39 (70169 turns).

Saba the Conqueror (Gargoyle Hunter)               Turns: 70169, Time: 03:27:39

Health: -2/159     AC: 47    Str: 27      XL:     27
Magic:  0/28       EV: 32    Int: 13      God:    Okawaru [******]
Gold:   2837       SH: 37    Dex: 22 (23) Spells: 26/26 levels left

rFire    + + .     SeeInvis +   c - +18 lance "Wyrmbane" {slay drac, rPois rF+ rC+ AC+3}
rCold    + + .     Faith    .   l - +10 tower shield of Ignorance {rN+ Int-4}
rNeg     + + +     Spirit   +   P - +4 moon troll leather armour {Spirit, Regen++ MP+5}
rPois    ∞         Reflect  .   B - +0 helmet {SInv}
rElec    +         Harm     .   m - scarf {+Inv}
rCorr    .         Rampage  .   U - +2 pair of gloves of the Playwright {rF+ rN+ Stlth+}
Will     ++...     Rnd*Rage +   G - +2 pair of boots {run}
Stlth    ++........             S - amulet of Suazyril {rPois Regen+ Str+6 Dex+2 Stlth-}
HPRegen  1.56/turn              F - +4 ring of slaying
MPRegen  0.21/turn              v - +6 ring of dexterity

@: mighty, berserk cooldown, flying, hasted and slowed, studying Earth Magic,
quick
A: big wings, claws 1, iridescent scales 2, berserk 1, clever 1, cold resistance
1, deterioration 1, frail 2, negative energy resistance 1, electricity
resistance, unbreathing, petrification resistance, miasma immunity, subdued
magic 1, AC +20
}: 3/15 runes: serpentine, barnacled, abyssal
a: Stop Flying, Renounce Religion, Evoke Invisibility, Heroism, Finesse


You were on level 5 of the Vaults.
You worshipped Okawaru.
Okawaru was exalted by your worship.
You visited 10 branches of the dungeon, and saw 46 of its levels.
You visited the Abyss 3 times.
You visited 1 bazaar.
You also visited: Sewer and Ice Cave.

You collected 8139 gold pieces.
You spent 5302 gold pieces at shops.

Inventory:

Hand Weapons
 c - the +18 lance "Wyrmbane" (weapon) {slay drac, rPois rF+ rC+ AC+3}
   (You bought it in a shop on level 2 of the Snake Pit)

   It affects your AC (+3).
   It protects you from fire.
   It protects you from cold.
   It protects you from poison.
 j - the +8 autumn katana {vorpal, Clar}
   (You took it off an orc on level 3 of the Elven Halls)

   It inflicts extra damage upon your enemies.
   It protects you against confusion.
 z - the +5 dagger "Saba's Regret" {speed, Dex+3}
   (You found it on level 4 of the Shoals)

   Attacks with this weapon are significantly faster.
   It affects your dexterity (+3).
 X - a +1 demon trident of electrocution
 Z - the +1 hand crossbow of Oheakhupt {vorpal, rC+}
   (Okawaru gifted it to you on level 6 of the Lair of Beasts)

   Any bolt fired from it inflicts extra damage.
   It protects you from cold.
Missiles
 d - 2255 bolts
Armour
 l - the +10 tower shield of Ignorance (worn) {rN+ Int-4}
   (You found it on level 1 of the Orcish Mines)

   It affects your intelligence (-4).
   It protects you from negative energy.
 m - a scarf of invisibility (worn)
 y - the +1 pair of boots of Leil {rN+ Int+8}
   (Okawaru gifted it to you on level 2 of the Orcish Mines)

   It affects your intelligence (+8).
   It protects you from negative energy.
 B - a +0 helmet of see invisible (worn)
 G - a +2 pair of boots of running (worn)
 H - a +2 pair of gloves of archery
 P - the +4 moon troll leather armour (worn) {Spirit, Regen++ MP+5}
   (You found it on level 8 of the Dungeon)

   It affects your magic capacity (+5).
   It increases your rate of regeneration.
 U - the +2 pair of gloves of the Playwright (worn) {rF+ rN+ Stlth+}
   (Okawaru gifted it to you on level 5 of the Abyss)

   It protects you from fire.
   It protects you from negative energy.
   It makes you more stealthy.
Jewellery
 e - the ring "Osuits" {Will+ Str+6 Int+2}
   (You found it on level 3 of the Elven Halls)

   [ring of willpower]

   It affects your strength (+6).
   It affects your intelligence (+2).
   It affects your willpower, your defense against some magical effects.
 v - a +6 ring of dexterity (right hand)
 A - a cursed -4 ring of intelligence
 F - a +4 ring of slaying (left hand)
 S - the amulet of Suazyril (around neck) {rPois Regen+ Str+6 Dex+2 Stlth-}
   (You acquired it on level 5 of the Depths)

   [amulet of regeneration]

   It affects your strength (+6).
   It affects your dexterity (+2).
   It protects you from poison.
   It increases your rate of regeneration.
   It makes you less stealthy.
 V - a +6 ring of intelligence
Wands
 D - a wand of acid (62)
 M - a wand of digging (26)
Scrolls
 a - 13 scrolls of identify
 b - 11 scrolls of magic mapping
 f - 5 scrolls of blinking
 g - 25 scrolls of remove curse
 n - a scroll of holy word
 q - 5 scrolls of summoning
 r - 9 scrolls of fear
 s - 14 scrolls of enchant armour
 x - 6 scrolls of fog
 J - 6 scrolls of enchant weapon
 L - 16 scrolls of teleportation
Potions
 h - 18 potions of attraction
 i - 6 potions of brilliance
 o - 4 potions of magic
 p - 9 potions of haste
 t - 22 potions of curing
 w - 2 potions of mutation
 C - 3 potions of heal wounds
 E - a potion of berserk rage
 I - 6 potions of cancellation
 N - 3 potions of resistance
 Q - 6 potions of invisibility
 W - 2 potions of ambrosia
 Y - 3 potions of might
Books
 T - a manual of Earth Magic
Miscellaneous
 k - a tin of tremorstones (2/2)
 u - a condenser vane
 K - a phantom mirror
 O - a lightning rod (4/4)
 R - the horn of Geryon


   Skills:
 O Level 27 Fighting
 - Level 14.0 Polearms
 - Level 10.0 Crossbows
 + Level 16.0 Armour
 + Level 21.2 Dodging
 - Level 1.1 Stealth
 + Level 25.4 Shields


You had 26 spell levels left.
You didn't know any spells.
Your spell library contained the following spells:

 Spells                   Type           Power        Failure   Level
 Animate Skeleton         Necr           0%           28%         1
 Corona                   Hex            0%           28%         1
 Foxfire                  Conj/Fire      0%           28%         1
 Freeze                   Ice            0%           28%         1
 Magic Dart               Conj           0%           28%         1
 Pain                     Necr           0%           28%         1
 Sandblast                Erth           0%           28%         1
 Sting                    Tmut/Pois      0%           28%         1
 Summon Small Mammal      Summ           0%           28%         1
 Blink                    Tloc           N/A          41%         2
 Call Imp                 Summ           0%           41%         2
 Corpse Rot               Necr/Air       N/A          41%         2
 Ensorcelled Hibernation  Hex/Ice        0%           41%         2
 Passwall                 Tmut/Erth      0%           41%         2
 Poisonous Vapours        Pois/Air       0%           41%         2
 Slow                     Hex            0%           41%         2
 Call Canine Familiar     Summ           0%           65%         3
 Confusing Touch          Hex            0%           65%         3
 Conjure Flame            Conj/Fire      0%           65%         3
 Dazzling Flash           Conj/Hex       0%           65%         3
 Frozen Ramparts          Ice            0%           65%         3
 Gell's Gravitas          Tloc           0%           65%         3
 Ignite Poison            Fire/Tmut/Pois 0%           65%         3
 Inner Flame              Hex/Fire       0%           65%         3
 Mephitic Cloud           Conj/Pois/Air  0%           65%         3
 Ozocubu's Armour         Ice            0%           65%         3
 Portal Projectile        Hex/Tloc       0%           65%         3
 Static Discharge         Conj/Air       0%           65%         3
 Stone Arrow              Conj/Erth      0%           65%         3
 Summon Guardian Golem    Hex/Summ       0%           65%         3
 Tukima's Dance           Hex            0%           65%         3
 Vampiric Draining        Necr           0%           65%         3
 Animate Dead             Necr           0%           96%         4
 Cause Fear               Hex            0%           96%         4
 Hailstorm                Conj/Ice       0%           96%         4
 Ice Form                 Ice/Tmut       0%           96%         4
 Leda's Liquefaction      Hex/Erth       0%           96%         4
 Olgreb's Toxic Radiance  Pois           0%           96%         4
 Petrify                  Tmut/Erth      0%           96%         4
 Sticky Flame             Conj/Fire      0%           96%         4
 Summon Ice Beast         Ice/Summ       0%           96%         4
 Summon Lightning Spire   Summ/Air       0%           96%         4
 Agony                    Necr           0%           100%        5
 Bolt of Magma            Conj/Fire/Erth 0%           100%        5
 Fireball                 Conj/Fire      0%           100%        5
 Lee's Rapid Deconstruct  Erth           0%           100%        5
 Lightning Bolt           Conj/Air       0%           100%        5
 Metabolic Englaciation   Hex/Ice        0%           100%        5
 Summon Demon             Summ           0%           100%        5
 Summon Forest            Summ/Tloc      0%           100%        5
 Summon Mana Viper        Hex/Summ       0%           100%        5
 Yara's Violent Unravell  Hex/Tmut       0%           100%        5
 Eringya's Noxious Bog    Tmut/Pois      0%           100%        6
 Freezing Cloud           Conj/Ice/Air   0%           100%        6
 Hydra Form               Tmut           0%           100%        6
 Ozocubu's Refrigeration  Ice            0%           100%        6
 Shadow Creatures         Summ           N/A          100%        6
 Simulacrum               Ice/Necr       0%           100%        6
 Starburst                Conj/Fire      0%           100%        6
 Dragon Form              Tmut           0%           100%        7
 Summon Hydra             Summ           0%           100%        7
 Ignition                 Fire           0%           100%        8
 Dragon's Call            Summ           0%           100%        9
 Shatter                  Erth           0%           100%        9
 Tornado                  Air            0%           100%        9


Dungeon Overview and Level Annotations

Branches:
Dungeon (15/15)            Temple (1/1) D:6            Lair (6/6) D:8
 Shoals (4/4) Lair:4        Snake (4/4) Lair:4        Slime (0/5) Lair:6
    Orc (2/2) D:10            Elf (3/3) Orc:2        Vaults (5/5) D:13
  Crypt (0/3) Vaults:2     Depths (5/5) D:15           Hell (visited)
    Dis (0/7) Hell            Geh (0/7) Hell            Coc (0/7) Hell
    Tar (0/7) Hell            Zot (0/5) Depths:5      Sewer (visited)
  IceCv (visited)

Altars:
Ashenzari
Cheibriados
Dithmenos
Elyvilon
Fedhas
Gozag
Hepliaklqana
Kikubaaqudgha
Makhleb
Nemelex Xobeh
Okawaru
Qazlal
Ru
Sif Muna
Trog
Uskayaw
Vehumet
Wu Jian
Xom
Yredelemnul
Zin
The Shining One
Beogh

Shops:
D:10 (   D:13 [   Orc:1 *   Orc:2 ***([=   Elf:1 *   Snake:2 (   Snake:3 =}=
Snake:4 ?:   Vaults:2 [   Vaults:4 =(=!?   Depths:3 !

Portals:
Hell: Lair:6 Depths:1 Depths:2 Depths:3 Depths:4 Depths:5
Abyss: Depths:4 Depths:5
Pandemonium: Depths:3
Ziggurat: Depths:3

Annotations:
Shoals:2 xzight's ghost, adept MiBe
Orc:1 1 runed translucent door, exclusion: 4 orange crystal statues


Innate Abilities, Weirdness & Mutations

You are resistant to torment.
Your stone body is resilient. (AC +20)
You are immune to poison.
Your large and strong wings let you fly indefinitely.
You resist negative energy. (rN+)
You are resistant to electric shocks. (rElec)
You can survive without breathing.
You are immune to petrification.
You are immune to miasma.
You have sharp fingernails.
You are mostly covered in iridescent scales. (AC +4)
You tend to lose your temper in combat.
Your mind is acute. (Int +2)
Your flesh is cold resistant. (rC+)
Your body sometimes deteriorates upon taking damage.
You are very frail. (-20% HP)
Your spells are a little easier to cast, but a little less powerful.


Message History

Okay, then.
You feel much better.
The titan waves its arms in wide circles.
The air twists around and violently strikes you in flight!!!
* * * LOW HITPOINT WARNING * * *
You block the phantasmal warrior's attack.
You block the titan's attack. The shadow dragon misses you.
The shadow dragon claws you but does no damage.
You block the shadow dragon's attack.
You feel much better.
The titan waves its arms in wide circles.
The air twists around and violently strikes you in flight!
* * * LOW HITPOINT WARNING * * *
You block the ironheart preserver's attack.
You block the phantasmal warrior's attack.
The titan hits you but does no damage.
You block the shadow dragon's attack. x2
The shadow dragon completely misses you.
The titan waves its arms in wide circles.
The air twists around and violently strikes you in flight!!!
You die...

...... ......
####......
###.........
##...........
##.......(....
##...........$/
#....Dp@.....#
##...pW()/..###
#...e(CC.####
#......###
#....p##
e....p!##
......: ..#...}
. #....


You could see a shadow dragon, an ironheart preserver (empowered), 2 titans, 2
vault guards, a deep elf archer (empowered, repels missiles), a phantasmal
warrior and an ironbrand convoker (empowered).

Vanquished Creatures
  2 ancient liches
  2 juggernauts
  Sojobo (Depths:2)
  Bai Suzhen (Elf:3)
  6 caustic shrikes
  Saint Roka (Orc:1)
  Geryon (Hell)
  Vashnia (Snake:4)
  2 golden dragons
  3 bone dragons
  A Tzitzimitl (Depths:4)
  2 tentacled monstrosities
  Rupert (D:15)
  8 liches
  2 deep elf master archers (Elf:3)
  Asterion (Vaults:2)
  3 krakens
  Murray (Hell)
  An Executioner (Abyss:5)
  2 ancient champions
  6 sphinxes
  15 tentacled starspawn
  5 tengu reavers
  2 shadow dragons
  A storm dragon (Depths:5)
  A revenant (Abyss:4)
  4 deep elf sorcerers (Elf:3)
  A draconian knight (Abyss:4)
  Donald (Vaults:4)
  15 frost giants
  8 nagarajas
  An iron dragon (Depths:4)
  Aizul (Snake:4)
  A ghost moth (Abyss:5)
  12 fire giants
  A cacodemon (Depths:3)
  7 vault wardens
  A caustic shrike zombie (Depths:4)
  A balrug (Depths:4)
  5 deep elf elementalists
  Louise (Depths:4)
  A draconian shifter (Depths:5)
  10 reapers
  14 ironheart preservers
  A war gargoyle (Hell)
  A draconian stormcaller (Depths:5)
  2 ghouls
  A spriggan defender (Depths:2)
  33 very ugly things
  5 vampire knights
  25 stone giants
  A black draconian (Depths:5)
  7 deep elf demonologists
  A green draconian (Depths:5)
  3 lorocyprocas
  Azrael (D:15)
  6 entropy weavers
  7 deep elf annihilators
  3 spark wasps
  3 purple draconians (Depths:5)
  A white draconian (Depths:5)
  A yellow draconian (Depths:5)
  Snorg (Orc:1)
  A green death (Hell)
  7 merfolk javelineers
  18 ettins
  13 deep elf death magi
  9 fire dragons
  7 blizzard demons
  8 merfolk impalers
  11 yaktaur captains
  9 great orbs of eyes
  Josephine (D:15)
  6 jiangshi
  15 vault guards
  7 deep elf high priests
  15 ogre magi
  3 ghost crabs (D:14)
  2 quicksilver dragon skeletons (Hell)
  16 naga warriors
  3 hell beasts
  7 boulder beetles
  5 rakshasas
  A monstrous demonspawn (Depths:3)
  15 hydras
  9 ice dragons
  2 catoblepae
  A spriggan air mage (Depths:3)
  37 two-headed ogres
  A juggernaut simulacrum (Depths:4)
  An anaconda (shapeshifter) (Elf:3)
  3 death knights
  6 merfolk avatars
  17 anacondas
  8 centaur warriors
  4 merfolk aquamancers
  4 alligator snapping turtles
  A satyr (Shoals:4)
  4 vampire magi
  9 deep troll shamans
  5 tengu warriors
  7 hell hogs
  8 deep troll earth magi
  27 dancing weapons
  Urug (Lair:3)
  17 thrashing horrors
  7 death yaks
  6 orc high priests
  4 spriggan berserkers
  19 naga sharpshooters
  25 deep elf knights
  7 shock serpents
  A storm dragon zombie (Depths:3)
  6 soul eaters
  14 wretched stars
  Sonja (D:13)
  5 sun demons
  A hell knight (Depths:2)
  4 salamander mystics
  4 sixfirhies
  3 skeletal warriors (Depths:2)
  2 spriggans (Depths:3)
  2 shadow wraiths
  4 spatial maelstroms
  The ghost of hawla the Arsonist, a novice DECj of Vehumet (Orc:2)
  6 iron trolls (Depths:3)
  5 fire crabs (D:14)
  A storm dragon skeleton (Depths:4)
  17 deep trolls
  A titan skeleton (Depths:4)
  An anaconda zombie (Hell)
  18 sea snakes
  A torturous demonspawn (Depths:3)
  A golden dragon zombie (Depths:4)
  A swamp dragon (shapeshifter) (Abyss:2)
  3 wizards
  2 shadow demons
  14 deep elf archers
  2 golden dragon skeletons (Depths:4)
  6 unseen horrors
  4 flayed ghosts
  70 starcursed masses
  7 glowing orange brains
  A phantasmal warrior (Depths:2)
  7 naga ritualists
  9 necromancers
  19 ironbrand convokers
  14 orc knights
  2 orange crystal statues (Elf:1)
  A tengu zombie (Depths:4)
  A wolf spider zombie (D:13)
  13 mana vipers
  62 deep elf magi
  3 iron dragon zombies (Depths:4)
  3 shadow dragon zombies
  29 harpies
  20 salamanders
  A wolf spider (shapeshifter) (Depths:2)
  A faun (shapeshifter) (Depths:4)
  5 wolf spiders
  13 cyclopes
  4 orc sorcerers
  2 shining eyes
  A tengu skeleton (Depths:4)
  A fire giant zombie (Vaults:4)
  49 ugly things
  12 fauns
  A stone giant zombie (Vaults:4)
  2 cyclopes (shapeshifter)
  A will-o-the-wisp (Abyss:5)
  18 manticores
  A shadow dragon skeleton (Depths:4)
  10 merfolk sirens
  A rust devil (Hell)
  3 elf zombies
  7 elephants
  3 worldbinders
  A guardian serpent (shapeshifter) (Depths:2)
  2 centaur zombies
  2 spriggan zombies
  2 eyes of devastation (Abyss:4)
  12 vault sentinels
  3 apocalypse crabs
  An eye of devastation (shapeshifter) (D:15)
  3 black mambas (shapeshifter)
  10 guardian serpents
  31 black mambas
  3 orange demons (Lair:6)
  17 smoke demons
  17 naga magi
  An iron dragon skeleton (Depths:4)
  2 gargoyles
  3 water nymphs (Shoals:4)
  12 cane toads
  A titan simulacrum (Depths:4)
  A storm dragon simulacrum (Vaults:4)
  4 rime drakes
  3 efreet
  7 komodo dragons
  13 freezing wraiths
  44 yaktaurs
  A hellion (Hell)
  8 ice devils
  17 ancient zymes
  2 demonic crawlers
  4 red devils
  4 tengu conjurers
  2 hydra zombies (Hell)
  2 elf skeletons (Depths:4)
  5 hellwings
  A jumping spider (Vaults:4)
  5 hornets
  7 meliai
  2 harpy skeletons
  19 polar bears
  10 trolls
  30 merfolk
  A queen bee (Abyss:4)
  A meliai (shapeshifter) (Abyss:5)
  A hornet (shapeshifter) (Vaults:3)
  2 queen bees (shapeshifter)
  4 tengu simulacra
  4 wind drakes
  An alligator zombie (Hell)
  2 hydra skeletons (Hell)
  39 raiju
  2 blink frogs (shapeshifter)
  A wolf spider simulacrum (Abyss:4)
  9 snapping turtles
  8 blink frogs
  A human simulacrum (Vaults:2)
  2 meliai zombies
  Prince Ribbit (Lair:2)
  18 slime creatures
  A wind drake (shapeshifter) (Vaults:1)
  9 dream sheep
  2 iron dragon simulacra (Depths:4)
  A raiju (shapeshifter) (Abyss:5)
  11 flying skulls
  An ettin skeleton (Vaults:4)
  2 redbacks (Vaults:4)
  Sigmund (D:3)
  An air elemental (Elf:2)
  8 ynoxinuls
  2 shadows
  6 wraiths
  14 fire elementals
  4 wyverns
  A vampire (D:13)
  A human (shapeshifter) (Depths:2)
  A human (D:9)
  57 yaks
  13 water elementals
  2 hogs (D:9)
  A golden eye (shapeshifter) (Vaults:2)
  3 vampire mosquitoes (D:13)
  9 basilisks
  7 chaos spawn
  15 neqoxecs
  A yaktaur simulacrum (Vaults:1)
  Menkaure (D:4)
  10 wargs
  A redback simulacrum (D:15)
  3 spatial vortices (Abyss:5)
  2 acid dragons
  59 nagas
  14 water moccasins
  3 soldier ants
  A hydra simulacrum (Hell)
  33 large abominations
  3 cane toad zombies (Hell)
  11 hell hounds
  3 floating eyes (Depths:2)
  46 orc warriors
  A phantom (D:6)
  2 black bears
  A cane toad skeleton (Hell)
  3 eyes of draining
  7 ice beasts
  5 necrophages
  6 sky beasts
  46 ogres
  22 wolves
  22 boggarts
  13 centaurs
  A snapping turtle zombie (Hell)
  2 elf simulacra
  23 bullfrogs
  2 earth elementals
  A cane toad simulacrum (Hell)
  2 scorpions
  25 small abominations
  18 killer bees
  A howler monkey (D:8)
  17 wights
  7 electric eels
  3 crimson imps (Hell)
  7 bullfrog zombies
  3 hounds
  16 jellies
  2 quasits
  17 orc priests
  18 orc wizards
  6 centaur skeletons
  Jessica (D:3)
  4 iguanas
  5 hell rats (Hell)
  6 lightning spires (Abyss:5)
  16 worker ants
  A killer bee zombie (D:6)
  2 hound skeletons
  A howler monkey zombie (D:7)
  2 worker ant zombies
  A gnoll (D:1)
  25 adders
  4 shadow imps
  3 white imps
  4 ufetubi
  3 oozes
  3 adder skeletons
  3 worms
  3 dart slugs
  12 leopard geckos
  115 orcs
  7 bats
  14 giant cockroaches
  5 goblins
  8 hobgoblins
  25 jackals
  3 quokkas
  A ball python (Sewer)
  5 frilled lizards
  7 kobolds
  A leopard gecko skeleton (D:4)
  2 quokka skeletons (D:8)
  7 rats
  4 crawling corpses
  A fire vortex (Depths:1)
  19 starspawn tentacles
  8 tentacles
2612 creatures vanquished.

Vanquished Creatures (others)
  A fire giant (Depths:4)
  A caustic shrike skeleton (Depths:4)
  2 ettins (Depths:4)
  A rakshasa (Depths:4)
  A hell beast (Hell)
  A naga warrior (Snake:4)
  A juggernaut simulacrum (Depths:4)
  A merfolk aquamancer (Depths:2)
  A flayed ghost (Depths:4)
  2 necromancers (Depths:4)
  A golden dragon skeleton (Depths:4)
  3 deep elf magi
  An ugly thing (Depths:4)
  2 guardian serpents (Snake:4)
  An elf skeleton (Depths:4)
  A polar bear (IceCv)
  A water elemental (Depths:4)
  A ynoxinul (Abyss:4)
  A neqoxec (Abyss:4)
  2 golden eyes (Abyss:5)
  2 ogres
  A wolf (IceCv)
  A crimson imp (Hell)
  2 hell rats (Hell)
  A small abomination (Abyss:5)
  An orc (Elf:3)
  35 fungi
  A lurking horror (Abyss:4)
  81 plants
  37 starspawn tentacles
  39 tentacles
227 creatures vanquished.

Grand Total: 2839 creatures vanquished

Notes
Turn   | Place    | Note
-------+----------+-------------------------------------------
     0 | D:1      | Saba the Gargoyle Hunter began the quest for the Orb.
     0 | D:1      | Reached XP level 1. HP: 12/12 MP: 1/1
   186 | D:1      | Reached XP level 2. HP: 18/18 MP: 2/2
   336 | D:1      | Reached skill level 1 in Armour
   447 | D:1      | Reached XP level 3. HP: 15/22 MP: 3/3
  1534 | D:2      | Reached XP level 4. HP: 20/27 MP: 4/4
  1666 | D:2      | Reached skill level 3 in Fighting
  3017 | D:3      | Found a bloodstained altar of Trog.
  3025 | D:3      | Noticed Jessica
  3038 | D:3      | Killed Jessica
  3039 | D:3      | Reached XP level 5. HP: 24/32 MP: 5/5
  3167 | D:3      | Found a glowing drain.
  3330 | Sewer    | Entered a sewer
  4155 | Sewer    | Reached skill level 4 in Fighting
  4155 | Sewer    | Reached skill level 5 in Crossbows
  4155 | Sewer    | Reached XP level 6. HP: 17/38 MP: 6/6
  5044 | D:3      | Noticed Sigmund
  5058 | D:3      | Killed Sigmund
  5059 | D:3      | Reached XP level 7. HP: 37/44 MP: 7/7
  5240 | D:3      | Paralysed by a kobold for 7 turns
  5800 | D:4      | Reached skill level 5 in Fighting
  6294 | D:4      | Noticed Menkaure
  6301 | D:4      | Killed Menkaure
  6302 | D:4      | Reached XP level 8. HP: 50/50 MP: 8/8
  6419 | D:5      | Entered Level 5 of the Dungeon
  6499 | D:5      | You fall into a shaft and drop 2 floors!
  6499 | D:7      | Found a glowing silver altar of Zin.
  6586 | D:5      | Got an ancient dagger
  6587 | D:5      | Identified the +6 dagger "Nohunga" {flame, *Contam Fragile
                  | rPois rN+++} (You found it on level 5 of the Dungeon)
  6610 | D:5      | Reached skill level 5 in Armour
  6846 | D:5      | You fall into a shaft and drop 2 floors!
  7001 | D:5      | Reached skill level 6 in Fighting
  7034 | D:5      | Found a blossoming altar of Fedhas.
  7455 | D:6      | Found a staircase to the Ecumenical Temple.
  7596 | D:6      | Found a hide-covered altar of Uskayaw.
  7596 | D:6      | Noticed a +0 dagger
  7596 | D:6      | Noticed a +0 hand axe
  7639 | Temple   | Entered the Ecumenical Temple
  7903 | D:6      | Reached XP level 9. HP: 56/56 MP: 9/9
  8208 | D:6      | Reached skill level 5 in Dodging
  8328 | D:6      | Reached skill level 7 in Fighting
  9077 | D:7      | Found an opulent altar of Gozag.
  9203 | D:7      | Found a sacrificial altar of Ru.
  9377 | D:7      | Reached XP level 10. HP: 62/64 MP: 10/10
  9473 | D:7      | Reached skill level 8 in Fighting
 10028 | D:8      | Found a shimmering altar of Xom.
 10204 | D:8      | Found an iron altar of Okawaru.
 10239 | D:8      | Became a worshipper of Warmaster Okawaru
 10277 | D:8      | Found a staircase to the Lair.
 10277 | D:8      | Noticed an elephant
 10396 | D:7      | Killed an elephant
 10396 | D:7      | Reached * piety under Okawaru
 11167 | D:8      | Found the +4 moon troll leather armour {Spirit, Regen++
                  | MP+5}
 11689 | D:9      | Reached skill level 9 in Fighting
 11846 | D:9      | Reached ** piety under Okawaru
 11915 | D:9      | Reached XP level 11. HP: 59/71 MP: 1/11
 11955 | D:9      | Gained mutation: You are weak. (Str -2) [potion of
                  | mutation]
 11955 | D:9      | Lost mutation: You are weak. (Str -2) [potion of mutation]
 11955 | D:9      | Gained mutation: You have a pair of small antennae on your
                  | head. [potion of mutation]
 11955 | D:9      | Gained mutation: You have large cloven feet. [potion of
                  | mutation]
 12394 | D:10     | Entered Level 10 of the Dungeon
 12430 | D:10     | Found Galubb's Weapon Shoppe.
 12461 | D:10     | Found a staircase to the Orcish Mines.
 12520 | D:10     | Reached *** piety under Okawaru
 12542 | D:10     | Lost mutation: You have a pair of small antennae on your
                  | head. [potion of mutation]
 12542 | D:10     | Lost mutation: You have large cloven feet. [potion of
                  | mutation]
 12542 | D:10     | Gained mutation: You evolve. [potion of mutation]
 12542 | D:10     | Gained mutation: You are agile. (Dex +2) [potion of
                  | mutation]
 12542 | D:10     | Gained mutation: You rapidly evolve. [potion of mutation]
 13125 | D:11     | Gained mutation: You occasionally shout uncontrollably at
                  | your foes. [evolution]
 13159 | D:11     | Reached skill level 10 in Fighting
 13183 | D:11     | Reached **** piety under Okawaru
 13269 | D:11     | Received a gift from Okawaru
 13783 | D:11     | Reached skill level 10 in Crossbows
 14087 | D:12     | Received a gift from Okawaru
 14108 | D:12     | Identified the +7 glaive of Indomitability {elec, *Noise
                  | rF+ SInv} (You found it on level 12 of the Dungeon)
 14233 | D:12     | Reached skill level 10 in Armour
 14261 | D:12     | Found a frozen archway.
 14314 | IceCv    | Entered an ice cave
 14580 | IceCv    | Reached XP level 12. HP: 79/79 MP: 12/12
 14756 | IceCv    | Reached skill level 11 in Fighting
 14783 | IceCv    | Reached ***** piety under Okawaru
 14944 | IceCv    | Received a gift from Okawaru
 15058 | IceCv    | Noticed a frost giant
 15320 | IceCv    | Killed a frost giant
 15366 | IceCv    | Gained mutation: You are partially covered in iridescent
                  | scales. (AC +2) [evolution]
 15366 | IceCv    | Lost mutation: You rapidly evolve. [decline of evolution]
 15388 | IceCv    | Got a dazzling great mace
 15398 | IceCv    | Identified the +7 great mace of Destiny {vorpal, rPois
                  | Will- Str+9} (You found it in an ice cave)
 15584 | D:12     | Noticed a six-headed hydra
 15591 | D:12     | Killed a six-headed hydra
 15591 | D:12     | Received a gift from Okawaru
 15594 | D:12     | Noticed a two-headed ogre
 15601 | D:12     | Killed a two-headed ogre
 15723 | D:12     | Reached skill level 1 in Shields
 15733 | D:12     | Reached skill level 12 in Fighting
 16453 | D:13     | Noticed a vault guard
 16453 | D:13     | Noticed a vault guard
 16524 | D:13     | Noticed a five-headed hydra
 16545 | D:13     | Killed a five-headed hydra
 16546 | D:13     | Reached XP level 13. HP: 39/86 MP: 6/13
 16823 | Lair:1   | Entered Level 1 of the Lair of Beasts
 16951 | Lair:1   | You fall into a shaft and drop 1 floor!
 17485 | Lair:2   | Reached skill level 5 in Shields
 17939 | Lair:2   | Identified the +2 ring mail "Cicrur" {rC+++ Str-2 Dex+2
                  | Stlth+} (You found it on level 2 of the Lair of Beasts)
 17968 | Lair:2   | Noticed Prince Ribbit
 17999 | Lair:2   | Found a broken altar of Ashenzari.
 18004 | Lair:2   | Killed Prince Ribbit
 18085 | Lair:2   | Received a gift from Okawaru
 18622 | Lair:3   | Received a gift from Okawaru
 18623 | Lair:3   | Reached skill level 10 in Dodging
 18626 | Lair:3   | Noticed Urug
 18679 | Lair:3   | Killed Urug
 19487 | Lair:4   | Reached skill level 13 in Fighting
 19694 | Lair:4   | Reached ****** piety under Okawaru
 19938 | Lair:4   | Found a staircase to the Snake Pit.
 20145 | Lair:4   | Gained mutation: Your large and strong wings let you fly
                  | indefinitely. [Gargoyle growth]
 20145 | Lair:4   | Reached XP level 14. HP: 94/94 MP: 14/14
 20161 | Lair:4   | Received a gift from Okawaru
 20383 | Lair:4   | Found a staircase to the Shoals.
 20972 | Lair:5   | Received a gift from Okawaru
 21002 | Lair:5   | Reached skill level 10 in Shields
 21163 | Lair:5   | Received a gift from Okawaru
 21202 | Lair:5   | Identified a scroll of acquirement
 21953 | Lair:6   | Entered Level 6 of the Lair of Beasts
 22002 | Lair:6   | Reached skill level 1 in Polearms
 22258 | Lair:6   | Received a gift from Okawaru
 22468 | Lair:6   | Received a gift from Okawaru
 22535 | Lair:6   | Reached skill level 14 in Fighting
 22582 | Lair:6   | Received a gift from Okawaru
 22769 | Lair:6   | Found a staircase to the Slime Pits.
 22956 | Lair:6   | Received a gift from Okawaru
 22966 | Lair:6   | Got an ichor-stained hand crossbow {god gift}
 23432 | Lair:6   | Found a burning altar of Makhleb.
 23596 | Lair:6   | Reached XP level 15. HP: 90/100 MP: 15/15
 23700 | Lair:6   | Found a gateway to Hell.
 24168 | Orc:1    | Entered Level 1 of the Orcish Mines
 24197 | Orc:2    | Entered Level 2 of the Orcish Mines
 24233 | Orc:1    | Noticed Snorg
 24287 | Orc:1    | Killed Snorg
 24438 | Orc:1    | Found the +10 tower shield of Ignorance {rN+ Int-4}
 24445 | Orc:1    | Found a runed translucent door.
 24542 | Orc:1    | Found a runed translucent door.
 24883 | Orc:1    | Noticed an orc warlord
 25079 | Orc:1    | Paralysed by an orc sorcerer for 7 turns
 25095 | Orc:1    | Paralysed by an orc sorcerer for 3 turns
 25390 | Orc:1    | Received a gift from Okawaru
 25722 | Orc:2    | Found Enoo's Antique Armour Emporium.
 25753 | Orc:2    | Received a gift from Okawaru
 25768 | Orc:2    | Bought a masterwork helmet for 313 gold pieces
 25782 | Orc:2    | Got a pair of faintly humming boots {god gift}
 25788 | Orc:2    | Identified the +1 pair of boots of Leil {rN+ Int+8}
                  | (Okawaru gifted it to you on level 2 of the Orcish Mines)
 25808 | Orc:2    | Identified the +2 helmet of the Saviour {+Fly rN+++ Int-5
                  | Dex-3} (You bought it in a shop on level 2 of the Orcish
                  | Mines)
 25813 | Orc:2    | Found Jokkav's Jewellery Emporium.
 26364 | Orc:2    | Found Piys's Antique Weapon Boutique.
 26839 | Orc:2    | Found a staircase to the Elven Halls.
 26887 | Orc:2    | Found a roughly hewn altar of Beogh.
 26934 | Orc:2    | Found Enweukul's General Store.
 27048 | Orc:2    | Found a runed translucent gate.
 27048 | Orc:2    | Found a runed translucent gate.
 27048 | Orc:2    | Found a runed translucent gate.
 27049 | Orc:2    | Found an opulent altar of Gozag.
 27058 | Orc:2    | Noticed Saint Roka
 27103 | Orc:1    | Found Juago's General Store.
 27308 | Orc:1    | Identified the +1 hand crossbow of Oheakhupt {vorpal, rC+}
                  | (Okawaru gifted it to you on level 6 of the Lair of Beasts)
 27533 | Orc:2    | Found Cuimits's Assorted Antiques.
 27533 | Orc:2    | Noticed hawla's ghost (novice DECj)
 27590 | Orc:2    | Found Kecessej's Assorted Antiques.
 28144 | Orc:2    | Killed hawla's ghost
 28206 | Orc:2    | Bought a potion of haste for 400 gold pieces
 28206 | Orc:2    | Bought a scroll of fear for 140 gold pieces
 28211 | Orc:2    | Bought a potion of mutation for 224 gold pieces
 28274 | Orc:1    | Killed Saint Roka
 28275 | Orc:1    | Reached skill level 5 in Polearms
 28532 | D:13     | Found a gate to the Vaults.
 28538 | D:13     | Received a gift from Okawaru
 28705 | D:13     | Gained mutation: Your movements are slightly less
                  | encumbered by armour. (ER -2) [evolution]
 28844 | D:13     | Received a gift from Okawaru
 29044 | D:13     | Found Vaseatim's Armour Shop.
 29048 | D:13     | Bought a +2 pair of boots of running for 747 gold pieces
 29076 | D:13     | Noticed Sonja
 29091 | D:13     | Killed Sonja
 29415 | D:13     | Received a gift from Okawaru
 29790 | D:14     | Received a gift from Okawaru
 29805 | D:14     | Reached skill level 15 in Fighting
 29810 | D:14     | Reached XP level 16. HP: 108/108 MP: 16/16
 29990 | D:14     | Found a runed translucent door.
 30670 | D:14     | Reached skill level 15 in Armour
 31360 | D:14     | Found the +3 sling "Punk" {acid, rCorr}
 31467 | D:15     | Entered Level 15 of the Dungeon
 31786 | Shoals:1 | Entered Level 1 of the Shoals
 31856 | Shoals:1 | Received a gift from Okawaru
 32445 | Shoals:1 | Reached skill level 15 in Shields
 32967 | Shoals:2 | Received a gift from Okawaru
 33648 | Shoals:2 | Found a runed translucent door.
 33649 | Shoals:2 | Noticed xzight's ghost (adept MiBe)
 34404 | Shoals:3 | Reached XP level 17. HP: 85/115 MP: 14/17
 34421 | Shoals:3 | Reached skill level 16 in Fighting
 34501 | Shoals:3 | Noticed a kraken
 34742 | Shoals:3 | Gained mutation: You are mostly covered in iridescent
                  | scales. (AC +4) [evolution]
 35255 | Shoals:3 | Killed a kraken
 35487 | Shoals:4 | Entered Level 4 of the Shoals
 35631 | Shoals:4 | Received a gift from Okawaru
 36469 | Shoals:4 | Noticed a kraken
 36498 | Shoals:4 | Killed a kraken
 36670 | Shoals:4 | Identified the +5 rapier "Joirph" {antimagic, +Rage} (You
                  | found it on level 4 of the Shoals)
 37136 | Shoals:4 | Noticed a kraken
 37184 | Shoals:4 | Got a jewelled dagger
 37190 | Shoals:4 | Identified the +5 dagger "Saba's Regret" {speed, Dex+3}
                  | (You found it on level 4 of the Shoals)
 37341 | Shoals:4 | Killed a kraken
 37341 | Shoals:4 | Received a gift from Okawaru
 37366 | Shoals:4 | Got a barnacled rune of Zot
 37574 | Snake:1  | Entered Level 1 of the Snake Pit
 37773 | Snake:1  | Reached skill level 10 in Polearms
 37814 | Snake:1  | Received a gift from Okawaru
 37819 | Snake:1  | Reached XP level 18. HP: 107/120 MP: 18/18
 38783 | Snake:2  | Found Zyuduv's Antique Weapon Shoppe.
 39061 | Snake:2  | Received a gift from Okawaru
 39973 | Snake:3  | Received a gift from Okawaru
 40396 | Snake:3  | Found Onis's Jewellery Boutique.
 40397 | Snake:3  | Found Sulecoz's Gadget Shoppe.
 40398 | Snake:3  | Found Zopip's Jewellery Boutique.
 41269 | Snake:4  | Entered Level 4 of the Snake Pit
 41346 | Snake:4  | Noticed Aizul
 41369 | Snake:4  | Killed Aizul
 41491 | Snake:4  | Reached XP level 19. HP: 125/125 MP: 19/19
 41515 | Snake:4  | Found Osadex's Book Emporium.
 41515 | Snake:4  | Found Petsuvop's Magic Scroll Shoppe.
 41713 | Snake:4  | Noticed Vashnia
 41807 | Snake:4  | Killed Vashnia
 41807 | Snake:4  | Received a gift from Okawaru
 42319 | Snake:4  | Reached skill level 15 in Dodging
 42337 | Snake:4  | Received a gift from Okawaru
 42742 | Snake:4  | Got a serpentine rune of Zot
 43447 | D:15     | Noticed Josephine
 43471 | D:15     | Killed Josephine
 43693 | D:15     | Noticed Azrael
 43757 | D:15     | Killed Azrael
 43921 | D:15     | Found a staircase to the Depths.
 44110 | D:15     | Noticed Rupert
 44110 | D:15     | Paralysed by Rupert for 3 turns
 44132 | D:15     | Killed Rupert
 44141 | D:15     | Received a gift from Okawaru
 44353 | D:15     | Received a gift from Okawaru
 44835 | Elf:1    | Entered Level 1 of the Elven Halls
 44890 | Elf:1    | Reached XP level 20. HP: 113/131 MP: 20/20
 45086 | Elf:1    | Found Nahiabb's Assorted Antiques.
 45539 | Elf:1    | Received a gift from Okawaru
 45579 | Elf:1    | Identified the Collected Works on Arcane Weapons
 45582 | Elf:1    | Identified the +1 hat of the Eternal Fruit {rC- rN+ Slay+2}
                  | (You found it on level 1 of the Elven Halls)
 46599 | Elf:2    | Identified the +8 morningstar "Giantbane" {speed, *Slow
                  | +Rage +Inv rElec Dex-3}
 46769 | Elf:2    | Identified the +7 battleaxe of Ciusulox {vorpal, rPois rC+}
 46794 | Elf:2    | Received a gift from Okawaru
 46827 | Elf:2    | Found a runed translucent gate.
 46827 | Elf:2    | Found a runed translucent gate.
 46827 | Elf:2    | Found a runed translucent gate.
 46928 | Elf:2    | Received a gift from Okawaru
 46986 | Elf:2    | Identified the -1 pair of boots "Iferph" {Harm Will-
                  | Regen+} (Okawaru gifted it to you on level 2 of the Elven
                  | Halls)
 47345 | Snake:2  | Bought the +8 lance "Wyrmbane" {slay drac, rPois rF+ rC+
                  | AC+3} for 2262 gold pieces
 47345 | Snake:2  | Found the +8 lance "Wyrmbane" {slay drac, rPois rF+ rC+
                  | AC+3}
 48770 | Depths:1 | Entered Level 1 of the Depths
 49564 | Depths:1 | Identified the +9 war axe "Dragonslayer" {freeze, rElec
                  | Will+ Str+4} (You found it on level 1 of the Depths)
 49585 | Depths:1 | Gained mutation: You expend magic power (3 MP) to
                  | strengthen your wands. [evolution]
 49629 | Depths:1 | Received a gift from Okawaru
 49630 | Depths:1 | Reached XP level 21. HP: 138/138 MP: 21/21
 49689 | Depths:1 | Reached skill level 17 in Fighting
 49828 | Depths:1 | Received a gift from Okawaru
 50013 | Depths:1 | Received a gift from Okawaru
 50022 | Depths:1 | Identified the +3 pair of boots of Restlessness {rF+ rC++
                  | Dex+3} (Okawaru gifted it to you on level 1 of the Depths)
 50765 | Depths:2 | Paralysed by a floating eye for 3 turns
 50774 | Depths:2 | Noticed Sojobo
 51306 | Depths:2 | Identified the ring "Urphinwips" {rCorr Int+4} (You found
                  | it on level 2 of the Depths)
 51361 | Depths:2 | Killed Sojobo
 51402 | Depths:2 | Found a transporter.
 51473 | Depths:2 | Received a gift from Okawaru
 51476 | Depths:2 | Reached skill level 18 in Fighting
 51478 | Depths:2 | Identified the +5 plate armour of Death Resistance {rC+
                  | Int+4} (Okawaru gifted it to you on level 2 of the Depths)
 51485 | Depths:2 | Found a basalt altar of Yredelemnul.
 51522 | Depths:2 | Found a transporter.
 51543 | Depths:2 | Paralysed by a great orb of eyes for 4 turns
 51646 | Depths:2 | Paralysed by an orc sorcerer for 6 turns
 51654 | Depths:2 | Identified the +9 shortbow "Goblinslayer" {vorpal, +Blink
                  | Int-5 Dex+6}
 51688 | Depths:2 | Identified the +3 chain mail of the Yeti {+Fly} (You found
                  | it on level 2 of the Depths)
 51722 | Depths:2 | Identified the ring of Wonder {*Tele Str+8 Slay-6} (You
                  | found it on level 2 of the Depths)
 51757 | Depths:2 | Found a shimmering altar of Xom.
 51843 | Depths:2 | Identified the ring of Voconuvu {*Slow rPois Dex+6} (You
                  | found it on level 2 of the Depths)
 51878 | Depths:2 | Noticed a juggernaut
 51915 | Depths:2 | Killed a juggernaut
 52067 | Depths:2 | Reached XP level 22. HP: 147/147 MP: 22/22
 52543 | Depths:3 | Found Aziol's Distillery.
 52557 | Depths:3 | Noticed a caustic shrike
 52811 | Depths:3 | Received a gift from Okawaru
 52912 | Depths:3 | Identified the +1 chain mail of the Doge {Harm Str+8 Int-5}
                  | (Okawaru gifted it to you on level 3 of the Depths)
 53169 | Depths:3 | Killed a caustic shrike
 53170 | Depths:3 | Reached skill level 19 in Fighting
 53262 | Depths:3 | Gained mutation: Scrolls take you a little longer to read.
                  | [a cacodemon]
 53288 | Depths:3 | Found a one-way gate leading to the halls of Pandemonium.
 53365 | Depths:3 | Found a gateway to a ziggurat.
 53954 | Depths:4 | Noticed Louise
 53993 | Depths:4 | Paralysed by a lich for 6 turns
 54019 | Depths:4 | Received a gift from Okawaru
 54057 | Depths:4 | Killed Louise
 54181 | Depths:4 | Found a one-way gate to the infinite horrors of the Abyss.
 54189 | Depths:4 | Reached XP level 23. HP: 155/155 MP: 23/23
 54421 | Depths:4 | Noticed an ancient lich
 54432 | Depths:4 | Cast into level 5 of the Abyss (an ancient lich)
 54432 | Abyss:5  | Entered Level 5 of the Abyss
 54459 | Abyss:5  | Lost mutation: Scrolls take you a little longer to read.
                  | [evolution]
 54517 | Abyss:5  | Found a corrupted altar of Lugonu.
 54545 | Abyss:5  | Gained mutation: You are frail. (-10% HP) [a neqoxec]
 54561 | Abyss:5  | Gained mutation: You are very frail. (-20% HP) [a neqoxec]
 54673 | Abyss:5  | Paralysed by you for 4 turns
 54686 | Abyss:5  | Received a gift from Okawaru
 54801 | Abyss:5  | Got a pair of masterwork gloves {god gift}
 54831 | Abyss:5  | Identified the +2 pair of gloves of the Playwright {rF+ rN+
                  | Stlth+} (Okawaru gifted it to you on level 5 of the Abyss)
 54886 | Depths:4 | Escaped the Abyss
 54928 | Depths:4 | Killed an ancient lich
 54929 | Depths:4 | Reached skill level 20 in Fighting
 54994 | Depths:4 | Found an ancient bone altar of Kikubaaqudgha.
 55636 | Depths:4 | Noticed a golden dragon
 55650 | Depths:4 | Killed a golden dragon
 55650 | Depths:4 | Received a gift from Okawaru
 55711 | Depths:4 | Reached skill level 21 in Fighting
 55801 | Depths:4 | Identified the +5 demon whip of Hiwnunn {venom, Str+2}
 56031 | Depths:4 | Received a gift from Okawaru
 56083 | Depths:5 | Entered Level 5 of the Depths
 56178 | Depths:5 | Noticed a juggernaut
 56250 | Depths:4 | Killed a juggernaut
 56251 | Depths:4 | Reached XP level 24. HP: 46/134 MP: 8/23
 56627 | Depths:5 | Reached skill level 22 in Fighting
 56703 | Depths:5 | Received a gift from Okawaru
 56802 | Depths:5 | Noticed a caustic shrike
 56802 | Depths:5 | Noticed a caustic shrike
 56803 | Depths:5 | Noticed a caustic shrike
 56830 | Depths:5 | Killed a caustic shrike
 56841 | Depths:5 | Killed a caustic shrike
 56843 | Depths:5 | Noticed a caustic shrike
 56849 | Depths:5 | Killed a caustic shrike
 56865 | Depths:5 | Killed a caustic shrike
 56958 | Depths:5 | Reached skill level 23 in Fighting
 57022 | Depths:5 | Received a gift from Okawaru
 57141 | Depths:5 | Received a gift from Okawaru
 57159 | Depths:5 | Identified the +1 acid dragon scales "Meshiun" {+Fly rCorr}
                  | (Okawaru gifted it to you on level 5 of the Depths)
 57285 | Depths:5 | Noticed a caustic shrike
 57307 | Depths:5 | Killed a caustic shrike
 57359 | Depths:5 | Found a gate to the Realm of Zot.
 57505 | Depths:5 | Acquired the amulet of Suazyril {rPois Regen+ Str+6 Dex+2
                  | Stlth-}
 57506 | Depths:5 | Acquired a manual of Dodging
 57991 | Elf:3    | Entered Level 3 of the Elven Halls
 58126 | Elf:3    | Noticed Bai Suzhen
 58165 | Elf:3    | Killed Bai Suzhen
 58223 | Elf:3    | Gained mutation: You have sharp fingernails. [evolution]
 58266 | Elf:3    | Identified the ring of Evaiff Pukk {*Corrode rElec Str+6
                  | Int+4 SInv}
 58269 | Elf:3    | Identified the +7 flail of Purpose {holy, rF+ rC+ Int+3}
 58269 | Elf:3    | Identified the ring "Iravvar" {rPois rF+ rC+ Will+}
 58304 | Elf:3    | Identified the ring "Osuits" {Will+ Str+6 Int+2}
 58334 | Elf:3    | Cast into level 2 of the Abyss (a deep elf demonologist)
 58530 | Abyss:2  | Gained mutation: You tend to lose your temper in combat. [a
                  | neqoxec]
 58546 | Abyss:2  | Gained mutation: You are weak. (Str -2) [a neqoxec]
 58679 | Abyss:2  | Gained mutation: Your body sometimes deteriorates upon
                  | taking damage. [a shining eye]
 58761 | Abyss:2  | Reached XP level 25. HP: 142/142 MP: 23/23
 58800 | Abyss:2  | Paralysed by accursed screaming for 2 turns
 58809 | Abyss:2  | Paralysed by accursed screaming for 2 turns
 58820 | Elf:3    | Escaped the Abyss
 58825 | Elf:3    | Paralysed by accursed screaming for 1 turns
 58921 | Elf:3    | Identified the +4 pair of gloves of Ikech {rCorr Dex+5}
                  | (You found it on level 3 of the Elven Halls)
 58967 | Elf:3    | Found a gateway to a bazaar.
 59079 | Elf:3    | Reached skill level 24 in Fighting
 59083 | Elf:3    | Acquired 1080 gold pieces
 59240 | Elf:3    | Identified the +2 robe "Zochekhle" {Str+3}
 59266 | Elf:3    | Received a gift from Okawaru
 59310 | Elf:3    | Lost mutation: You expend magic power (3 MP) to strengthen
                  | your wands. [potion of mutation]
 59310 | Elf:3    | Lost mutation: You are agile. (Dex +2) [potion of mutation]
 59310 | Elf:3    | Lost mutation: Your movements are slightly less encumbered
                  | by armour. (ER -2) [potion of mutation]
 59310 | Elf:3    | Lost mutation: You are very frail. (-20% HP) [potion of
                  | mutation]
 59310 | Elf:3    | Gained mutation: Your flesh is cold resistant. (rC+)
                  | [potion of mutation]
 59311 | Elf:3    | Lost mutation: You are weak. (Str -2) [potion of mutation]
 59311 | Elf:3    | Lost mutation: You occasionally shout uncontrollably at
                  | your foes. [potion of mutation]
 59311 | Elf:3    | Lost mutation: You are frail. (-10% HP) [potion of
                  | mutation]
 59311 | Elf:3    | Lost mutation: You evolve. [potion of mutation]
 59311 | Elf:3    | Gained mutation: Your mind is acute. (Int +2) [potion of
                  | mutation]
 59480 | Elf:3    | Identified Siohea's Incunabulum of the Hurtful Escort
 60006 | Bazaar   | Entered a bazaar
 60006 | Bazaar   | Found Boef's Gadget Boutique.
 60006 | Bazaar   | Found Tagoaf's Assorted Antiques.
 60010 | Bazaar   | Found Tigu's Magic Scroll Shoppe.
 60019 | Bazaar   | Bought a scroll of summoning for 95 gold pieces
 60019 | Bazaar   | Bought 3 scrolls of blinking for 225 gold pieces
 60019 | Bazaar   | Bought a scroll of fog for 20 gold pieces
 60019 | Bazaar   | Bought a scroll of enchant weapon for 75 gold pieces
 60025 | Bazaar   | Found Ymefaisch's General Store.
 60033 | Bazaar   | Bought a scroll of fog for 26 gold pieces
 60033 | Bazaar   | Bought a potion of curing for 39 gold pieces
 60034 | Bazaar   | Found Kiwutoel's General Store.
 60039 | Bazaar   | Bought a scroll of fear for 42 gold pieces
 60073 | Bazaar   | Bought a potion of heal wounds for 65 gold pieces
 60073 | Bazaar   | Bought a scroll of teleportation for 39 gold pieces
 60073 | Bazaar   | Bought a potion of curing for 39 gold pieces
 60073 | Bazaar   | Bought a scroll of summoning for 123 gold pieces
 60439 | Hell     | Entered the Vestibule of Hell
 60439 | Hell     | Noticed Geryon
 60439 | Hell     | Found a gateway to the Iron City of Dis.
 60523 | Hell     | Noticed Murray
 60887 | Hell     | Killed Murray
 60887 | Hell     | Received a gift from Okawaru
 61292 | Hell     | Killed Geryon
 61369 | Hell     | Found a gateway to the ashen valley of Gehenna.
 61430 | Hell     | Found a gateway to the freezing wastes of Cocytus.
 61498 | Hell     | Found a gateway to the decaying netherworld of Tartarus.
 61507 | Hell     | Received a gift from Okawaru
 61749 | Vaults:1 | Entered Level 1 of the Vaults
 62101 | Vaults:1 | Received a gift from Okawaru
 62196 | Vaults:1 | Reached skill level 25 in Fighting
 63063 | Vaults:1 | Reached XP level 26. HP: 188/188 MP: 23/23
 63253 | Vaults:2 | Noticed Asterion
 63285 | Vaults:2 | Killed Asterion
 63300 | Vaults:2 | Found a glowing golden altar of the Shining One.
 63592 | Vaults:2 | Found a staircase to the Crypt.
 63592 | Vaults:2 | Found a basalt altar of Yredelemnul.
 63593 | Vaults:2 | Found an ancient bone altar of Kikubaaqudgha.
 63638 | Vaults:2 | Found Jiumaniug's Antique Armour Emporium.
 63857 | Vaults:2 | Received a gift from Okawaru
 64731 | Vaults:3 | Received a gift from Okawaru
 65045 | Vaults:3 | Received a gift from Okawaru
 65563 | Vaults:3 | Cast into level 3 of the Abyss (a deep elf demonologist)
 65651 | Abyss:4  | Reached skill level 26 in Fighting
 66008 | Abyss:4  | Found a corrupted altar of Lugonu.
 66128 | Abyss:4  | Gained mutation: You are frail. (-10% HP) [a neqoxec]
 66419 | Abyss:4  | Gained mutation: Your spells are a little easier to cast,
                  | but a little less powerful. [a neqoxec]
 66420 | Abyss:4  | Paralysed by accursed screaming for 1 turns
 66440 | Abyss:4  | Received a gift from Okawaru
 66500 | Abyss:4  | Found a corrupted altar of Lugonu.
 66537 | Abyss:4  | Found a corrupted altar of Lugonu.
 66605 | Abyss:4  | Received a gift from Okawaru
 66606 | Abyss:4  | Reached XP level 27. HP: 137/137 MP: 23/23
 66737 | Abyss:4  | Gained mutation: You are very frail. (-20% HP) [a
                  | cacodemon]
 66743 | Abyss:4  | Gained mutation: You are clumsy. (Dex -2) [a neqoxec]
 66785 | Abyss:4  | Paralysed by an orc sorcerer for 7 turns
 66798 | Abyss:4  | Paralysed by accursed screaming for 1 turns
 66806 | Abyss:4  | Paralysed by accursed screaming for 1 turns
 66820 | Abyss:4  | Lost mutation: You are clumsy. (Dex -2) [a neqoxec]
 66822 | Abyss:4  | Paralysed by accursed screaming for 2 turns
 66826 | Abyss:5  | Entered Level 5 of the Abyss
 67219 | Abyss:5  | Got an abyssal rune of Zot
 67462 | Abyss:5  | Reached skill level 27 in Fighting
 67462 | Abyss:5  | Paralysed by accursed screaming for 1 turns
 67477 | Abyss:5  | Paralysed by accursed screaming for 1 turns
 67495 | Abyss:5  | Paralysed by accursed screaming for 1 turns
 67499 | Abyss:5  | Paralysed by accursed screaming for 2 turns
 67501 | Vaults:3 | Escaped the Abyss
 68496 | Vaults:4 | Found Fiali's Magic Scroll Emporium.
 68500 | Vaults:4 | Bought a scroll of fog for 44 gold pieces
 68650 | Vaults:4 | Noticed Donald
 68671 | Vaults:4 | Killed Donald
 68671 | Vaults:4 | Received a gift from Okawaru
 68912 | Vaults:4 | Found Peuhimua's Distillery.
 68914 | Vaults:4 | Found Tuannuiq's Jewellery Shoppe.
 68920 | Vaults:4 | Bought a potion of cancellation for 128 gold pieces
 68920 | Vaults:4 | Bought a potion of curing for 48 gold pieces
 68920 | Vaults:4 | Bought a potion of haste for 160 gold pieces
 68920 | Vaults:4 | Bought a potion of curing for 48 gold pieces
 69090 | Vaults:4 | Received a gift from Okawaru
 69250 | Vaults:4 | Found Xioqoro's Jewellery Shoppe.
 69252 | Vaults:4 | Found Befiruawk's Antique Weapon Emporium.
 69349 | Vaults:4 | Received a gift from Okawaru
 69612 | Vaults:4 | Received a gift from Okawaru
 69715 | Vaults:4 | Received a gift from Okawaru
 70109 | Vaults:5 | Entered Level 5 of the Vaults
 70120 | Vaults:5 | Received a gift from Okawaru
 70138 | Vaults:5 | Noticed an ancient lich
 70151 | Vaults:5 | Paralysed by an ancient lich for 4 turns
 70158 | Vaults:5 | Killed an ancient lich
 70169 | Vaults:5 | Killed from afar by a titan

Illustrated notes

Levels and vault maps discovered:
D:1:      grunt_arrival_crossed_arrows, layout_basic, palyth_stone_intersect
D:2:      layout_basic, serial_rivers, chequers_serial_rivers_small_3,
          chequers_serial_rivers_micro_a, chequers_serial_rivers_large_a,
          chequers_serial_rivers_micro_c, chequers_serial_rivers_room_a
D:3:      layout_basic, bloody_trog, gup_sewer_entry_pipe, uniq_sigmund,
          uniq_jessica
D:4:      layout_rooms, uniq_menkaure
D:5:      layout_cave_pods, serial_glass, glass_columns_b, glass_columns_a,
          item_on_display_a, feat_on_display, item_on_display_a,
          grunt_ministairs_13, fedhas_altar_fruit_tree
D:6:      kennysheep_windowed_halls, layout_loops_cross,
          dancing_weapons_uskayaw, minmay_temple_entry_mini_moons
D:7:      layout_basic, lemuel_round_altar, kennysheep_mini_moat,
          grunt_gozag_breadcrumbs
D:8:      cheibrodos_two_vegetables, layout_rooms, lemuel_round_altar,
          okawaru_metal_pillars_3, david_lair_generic
D:9:      layout_cave_pools, corner_web_ring, supply_closet_lemuel,
          grunt_livestock, minivault_23
D:10:     layout_gridville, orc_david_3
D:11:     layout_grid_maze, feat_on_display
D:12:     layout_basic, portal_ice_cave_demonic_guard
D:13:     layout_basic, grunt_vaults_entry_fortified, serial_shops,
          nicolae_shop_behind_doors, uniq_sonja
D:14:     gammafunk_mikee_crab_dinner, layout_basic, serial_park_tiny_pond
D:15:     hangedman_depths_entry_try_elsewhere_first, layout_irregular_city,
          chequers_serial_rivers_small_3, corexii_corridor_pit, uniq_rupert,
          uniq_azrael, uniq_josephine
Temple:   eino_temple_scatter_basement
Lair:1:   layout_concentric_octagons
Lair:2:   layout_long_grid, lemuel_altar_in_water2, grunt_megastairs_5,
          lemuel_fruit_tree, uniq_prince_ribbit2
Lair:3:   layout_roguey, kennysheep_basilisk_garden, uniq_urug
Lair:4:   layout_regular_city, minmay_shoals_entry_lonely_mermaid,
          minmay_snake_entry_guardpost_small, beast_lair_carwin_9
Lair:5:   layout_cave_pods, patterned_corridor
Lair:6:   evil_forest, layout_regular_city, minmay_slime_entry_jelly_boxes,
          grunt_megastairs_3
Shoals:1: layout_shoals
Shoals:2: layout_shoals, ebering_ghost_inner_flame
Shoals:3: layout_shoals
Shoals:4: shoals_end_hangedman, layout_shoals,
          nicolae_shoals_kraken_intersection
Snake:1:  layout_misc_corridors
Snake:2:  layout_concentric_octagons, serial_shops, shop, grunt_megastairs_4
Snake:3:  layout_chambers, hangedman_snake_wide_pillar_pass,
          serial_bayou_shore_b, minmay_shop_grove
Snake:4:  grunt_snake_rune_pools, layout_gridlike, drop_trap, minmay_shoptagon,
          uniq_aizul, uniq_vashnia
Orc:1:    layout_diamond_mine, serial_shops, shop, nicolae_orc_stony_grotto,
          chequers_guarded_unrand_ignorance, uniq_snorg
Orc:2:    grunt_orc_gardens, layout_caves, grunt_orc_garden, grunt_orc_garden,
          grunt_orc_garden, grunt_orc_garden, ebering_ghost_gozag,
          nicolae_orc_lost_temple, uniq_saint_roka
Elf:1:    layout_loops_cross, serial_shops, nicolae_shop_overgrown_old_shop,
          minmay_elf_annihilation, david_greed
Elf:2:    layout_gridlike, wad_floor_pattern_1
Elf:3:    minmay_elf_hall_curves, layout_loops_corners, serial_shops,
          bzr_in_the_mist, uniq_bai_suzhen
Vaults:1: grunt_vaults_twisty, nicolae_vaults_circle_grid_a,
          nicolae_vaults_network_quinsquares
          [nicolae_vaults_network_quincunx_subvault,
          nicolae_vaults_network_quincunx_subvault,
          nicolae_vaults_network_quincunx_subvault,
          nicolae_vaults_network_quincunx_subvault],
          vaults_mumra_minichess_inversion, nicolae_vaults_ninety_degrees,
          v_misc_1, vaults_standard_mumra_lines, layout_vaults_quadrants
Vaults:2: ontoclasm_vaults_idyll, hangedman_vaults_corner, vaults_room_pool,
          ontoclasm_vaults_eye, v_alt_pattern_6, hangedman_vaults_maws, st_eye,
          vaults_room_corners, minmay_crypt_entry_necro_gods, v_pattern_2,
          ontoclasm_vaults_tryst, layout_vaults_omnibox, basic_altar,
          serial_shops, nicolae_shop_statue_plus, uniq_asterion
Vaults:3: st_cross, v_misc_33, v_misc_26, nicolae_vaults_triangles,
          vaults_room_pools, vaults_room_fours, v_misc_23,
          hangedman_vaults_trim, hangedman_vaults_stretched_pinwheel,
          layout_vaults_chaotic_city
Vaults:4: grunt_vaults_trifunnel, nicolae_vaults_hallways_thing,
          vaults_dpeg_diagonal, v_pattern_3, v_misc_15,
          ontoclasm_vaults_ring_small, v_misc_18, vaults_standard_mumra_x,
          v_alt_pattern_3, vaults_mumra_hexcomb, nicolae_vaults_three_branches,
          vaults_room_pools, nicolae_vaults_branching_niches,
          nicolae_vaults_little_squares_4, ontoclasm_vaults_gateway,
          layout_vaults_ring, serial_shops, nicolae_shop_crystal, shop,
          nicolae_shop_crystal, shop, shop, uniq_donald
Vaults:5: serial_shops
Depths:1: layout_gridlike, serial_bayou_shore_a, hangedman_coc_ice_floe,
          minmay_misc_feat_more_columns, kennysheep_path_1, kennysheep_donut,
          kennysheep_nondescript, drop_trap, minmay_misc_feat_doors,
          minmay_crystal_water, lemuel_flame_loot_1
Depths:2: hangedman_spin_cycle, hell_entry, serial_shops
Depths:3: minmay_crescents, layout_honeycomb, enter_ziggurat_e,
          grunt_mini_vestibule, rand_demon_pan_entry_3, serial_shops,
          nicolae_shop_behind_doors, minmay_staircase_bubble
Depths:4: evilmike_negative_zone, layout_honeycomb,
          serial_sigils_hangedman_snap, hellmouth_1,
          nicolae_abyss_entry_one_way_or_another, kennysheep_random_hallway,
          infiniplex_staircase_spiral_double
Depths:5: grunt_zot_entry_gee_three, layout_cave_pools, minmay_room_of_horrors,
          amcnicky_mini_pool_small, hell_entry, eino_curves_04
Hell

Skill      XL: |  1  2  3  4  5  6  7  8  9 10 11 12 13 14 15 16 17 18 19 20 21 22 23 24 25 26 27 |
---------------+----------------------------------------------------------------------------------+-----
Armour         | 1 2 3 4 5 7 8 10 11 13 14 15 16 | 16.0
Dodging        | 2 3 4 5 7 8 9 10 11 12 13 14 15 16 18 19 21 | 21.2
Fighting       | 3 4 5 6 7 9 10 12 13 14 15 16 18 19 21 23 25 26 27 | 27.0
Crossbows      | 5 6 8 9 10 | 10.0
Shields        | 3 9 11 13 15 16 17 19 20 22 24 25 | 25.4
Polearms       | 3 5 7 10 11 13 14 | 14.0
Stealth        | |  1.1

Action                   |  1- 3 |  4- 6 |  7- 9 | 10-12 | 13-15 | 16-18 | 19-21 | 22-24 | 25-27 || total
-------------------------+-------+-------+-------+-------+-------+-------+-------+-------+-------++-------
Melee: Short sword       |    96 |       |       |       |       |       |       |       |       ||    96
       Spear             |    40 |   389 |       |       |       |       |       |       |       ||   429
       Dagger            |       |    10 |   387 |  1173 |  2094 |       |       |       |       ||  3664
       Kick              |       |       |       |    35 |       |       |       |       |       ||    35
       Demon trident     |       |       |       |       |   167 |  2426 |  1393 |       |       ||  3986
       Lance             |       |       |       |       |       |       |  1356 |  2461 |  3562 ||  7379
 Fire: Hand crossbow     |       |       |       |       |   143 |    32 |    60 |       |       ||   235
Invok: Heroism           |       |       |       |       |     1 |     1 |     1 |       |     1 ||     4
 Abil: Fly               |       |       |       |       |     1 |     4 |     1 |       |       ||     6
       Stop Flying       |       |       |       |       |       |     4 |     1 |       |       ||     5
Evoke: Wand              |       |       |       |     4 |     2 |       |       |     1 |     3 ||    10
       Condenser vane    |       |       |       |       |     1 |       |       |     1 |     2 ||     4
       Lightning rod     |       |       |       |       |       |       |       |       |     4 ||     4
       Tin of tremorston |       |       |       |       |       |       |       |       |     2 ||     2
  Use: Potion            |       |     5 |       |     2 |     3 |       |     6 |       |    15 ||    31
       Scroll            |       |       |     1 |    24 |    17 |     6 |    14 |     9 |    13 ||    84
 Stab: Sleeping          |     1 |     8 |     5 |     4 |     3 |     2 |     8 |     9 |    14 ||    54
       Petrified         |       |       |       |       |    12 |       |       |       |       ||    12
       Distracted        |       |       |       |       |       |     3 |     3 |     4 |     6 ||    16
Armor: Leather armour    |    58 |   175 |   154 |    97 |       |       |       |       |       ||   484
       Troll leather arm |       |       |       |   492 |   722 |   719 |   331 |   202 |   250 ||  2716
Dodge: Dodged            |    88 |   263 |   275 |  1310 |  1623 |  1544 |   780 |   440 |   576 ||  6899
Block: Kite shield       |       |       |       |       |  1924 |  1952 |   959 |       |       ||  4835
       Tower shield      |       |       |       |       |       |       |   646 |  1784 |  2278 ||  4708
       Reflection        |       |       |       |       |       |       |    40 |    33 |       ||    73
